 Dungeon Crawl Stone Soup version 0.20.1-1-g8b1a95d (webtiles) character file.

37041 Monsterracer the Fighter (level 13, -17/113 HPs)
             Began as a Barachi Gladiator on Sept 14, 2017.
             Was the Champion of Cheibriados (penitent).
             Demolished by a minotaur
             ... wielding a +2 short sword of venom
              (19 damage)
             ... in a labyrinth.
             The game lasted 00:35:39 (16506 turns).

Monsterracer the Fighter (Barachi Gladiator)       Turns: 16506, Time: 00:35:40

Health: -17/113    AC: 20    Str: 26    XL:     13   Next: 94%
Magic:  0/27       EV: 13    Int: 11    God:    Cheibriados [*]
Gold:   960        SH:  6    Dex: 14    Spells: 12/12 levels left

rFire    . . .     SeeInvis .   a - +1 war axe (elec)
rCold    . . .     Gourm    .   e - +0 buckler
rNeg     . . .     Faith    .   D - +0 plate armour
rPois    +         Spirit   +   S - +0 hat of the Shining One's Fury {rPois Int+3}
rElec    +         Reflect  .   G - +0 cloak
rCorr    .         Harm     .   P - +0 pair of gloves
MR       ++...                  y - +2 pair of boots
Stlth    ..........             F - amulet of guardian spirit
Regen    0.3/turn               v - ring of magical power
MPRegen  0.2/turn               C - ring of protection from magic

@: mighty, lethally poisoned (-17 -> -73), about to teleport, studying
Translocations, very slow
A: +LOS, swims, magic resistance 1, electricity resistance, slowness 1, no
potion heal 1, sturdy frame 1, strong legs 2
a: Hop, Renounce Religion


You were in a labyrinth.
You worshipped Cheibriados.
Cheibriados was demanding penance.
You were not hungry.

You visited 2 branches of the dungeon, and saw 14 of its levels.
You also visited: Labyrinth and Sewer.

You collected 960 gold pieces.

Inventory:

Hand Weapons
 a - a +1 war axe of electrocution (weapon)
 b - the +5 trident of Wiplesmy {flame, rN++ Int+2}
   (You found it on level 9 of the Dungeon)

   It has been specially enchanted to burn those struck by it, causing extra
   injury to most foes and up to half again as much damage against particularly
   susceptible opponents.
   It affects your intelligence (+2).
   It greatly protects you from negative energy.
Missiles
 d - 4 throwing nets {!a}
 L - 5 tomahawks (quivered)
Armour
 e - a +0 buckler (worn)
 w - a +2 scale mail of cold resistance
 y - a +2 pair of boots (worn)
 D - a +0 plate armour (worn)
 G - a +0 cloak (worn)
 M - a +0 shield
 P - a +0 pair of gloves (worn)
 S - the +0 hat of the Shining One's Fury (worn) {rPois Int+3}
   (You acquired it on level 2 of the Lair of Beasts)

   It affects your intelligence (+3).
   It protects you from poison.
Jewellery
 j - an uncursed ring of see invisible
 s - an uncursed ring of positive energy
 v - a ring of magical power (left hand)
 C - a ring of protection from magic (right hand)
 F - an amulet of guardian spirit (around neck)
 T - an uncursed ring of flight
Wands
 E - a wand of iceblast (5/15)
 Q - a wand of scattershot (3/9)
Scrolls
 c - a scroll of recharging
 l - 5 scrolls of enchant weapon
 m - 5 scrolls of identify
 A - 3 scrolls of magic mapping
 J - 8 scrolls of remove curse
 K - 2 scrolls of teleportation
 N - a scroll of blinking
 O - 2 scrolls of fog
Potions
 g - a potion of might
 h - 8 potions of heal wounds
 i - 7 potions of curing
 n - 2 potions of cancellation
 p - 2 potions of invisibility
 q - a potion of brilliance
 r - 3 potions of magic
 u - 5 potions of lignification
 x - 5 potions of mutation
 z - 2 potions of haste
 B - 2 potions of ambrosia
 I - 2 potions of flight
 R - a potion of agility
Books
 H - a manual of Translocations
Comestibles
 f - 14 bread rations
 k - 12 royal jellies
 o - 6 meat rations
 t - 30 fruits


   Skills:
 * Level 14.0 Fighting
 * Level 13.5 Axes
 - Level 3.1 Throwing
 + Level 10.0 Armour
 + Level 10.0 Dodging
 + Level 7.3 Shields
 + Level 7.7 Invocations


You had 12 spell levels left.
You didn't know any spells.

Dungeon Overview and Level Annotations

Branches:
Dungeon (9/15)             Temple (0/1) D:4            Lair (5/6) D:8
 Shoals (0/4) Lair:3       Spider (0/4) Lair:2          Orc (0/2) D:9
  Slime: Lair:5-6

Altars:
Cheibriados
Elyvilon
Ru
Yredelemnul
The Shining One


Innate Abilities, Weirdness & Mutations

Shadows flee at your approach. (+LOS)
You can swim through water.
You cover ground slowly.
You can hop longer distances.
You are resistant to hostile enchantments. (MR+)
You are resistant to electric shocks. (rElec)
Potions are less effective at restoring your health.
Your movements are slightly less encumbered by armour. (ER -2)


Message History

* * * LOW HITPOINT WARNING * * *
The minotaur gores you!!
* * * LOW MAGIC WARNING * * *
* * * LOW HITPOINT WARNING * * *
Huge Dmg: -19%(-21hp) hp: 24%(27hp)
You feel very sick.
The minotaur hits you with a short sword of venom!!
* * * LOW MAGIC WARNING * * *
* * * LOW HITPOINT WARNING * * *
You are more poisoned.
The minotaur gores you.
* * * LOW HITPOINT WARNING * * *
The minotaur hits you but does no damage.
You are more poisoned.
The minotaur closely misses you.
The minotaur hits you but does no damage.
You are more poisoned.
The minotaur gores you!!
* * * LOW MAGIC WARNING * * *
You die...

#.# . . #
##########.#
. .. . ..#..
#
#.#.######.#
..#.# #.#.#
# #.
#.####.# # #
.# #..H@..#.
.# # #.#..#
######## # .
# . #..
..... # .###
.#### #####
# #.... .. .
.. # # # #.#
. .### #
.#..... .#
#...# #
#.#.#.#. # #
...#.#. .#..
.


You could see a minotaur (berserk).

Vanquished Creatures
  Snorg (Lair:4)
  5 hydras
  3 two-headed ogres
  Pikel (D:7)
  A necromancer (Lair:3)
  An orb spider (Lair:2)
  A deep elf mage (D:8)
  An ice statue (Lair:3)
  3 black mambas
  12 elephants
  A torpor snail (Lair:4)
  10 spiny frogs
  An ice devil (Lair:3)
  8 komodo dragons
  A troll (D:9)
  Prince Ribbit (D:7)
  3 polar bears (Lair:3)
  A blink frog (Lair:4)
  A snapping turtle (Lair:3)
  4 dream sheep (Lair:4)
  4 hippogriffs
  Sigmund (D:4)
  A spriggan (D:7)
  30 yaks
  3 hungry ghosts
  Eustachio (D:6)
  A basilisk (Lair:3)
  Duvessa (D:6)
  Purgy (Sewer)
  5 porcupines
  13 water moccasins
  A slave (D:7)
  4 sky beasts (D:9)
  3 elephant zombies (Lair:3)
  10 ice beasts
  8 orc warriors
  A phantom (D:6)
  9 wolves
  7 ogres
  4 centaurs
  5 crocodiles
  5 big kobolds (D:9)
  A komodo dragon zombie (Lair:3)
  4 gnoll sergeants (D:9)
  Blork the orc (D:5)
  14 bullfrogs
  Dowan (D:6)
  3 scorpions
  A wyvern skeleton (D:9)
  4 killer bees (D:9)
  4 wights (D:9)
  5 electric eels
  5 crimson imps
  3 bullfrog zombies
  3 jellies
  2 quasits
  7 hounds
  Crazy Yiuf (D:7)
  2 centaur skeletons
  4 orc priests
  A bullfrog skeleton (D:7)
  7 orc wizards
  2 iguanas
  11 worker ants
  A crocodile zombie (Lair:3)
  A howler monkey zombie (D:8)
  A worker ant zombie (D:8)
  11 gnolls
  7 adders
  A river rat (D:5)
  2 shadow imps
  An ooze (D:1)
  A worm (D:2)
  2 dart slugs (D:2)
  5 leopard geckos
  40 orcs
  8 giant cockroaches
  9 hobgoblins
  23 jackals
  4 quokkas
  7 ball pythons
  4 bats
  10 frilled lizards
  3 goblins
  A jackal zombie (D:5)
  7 kobolds
  A quokka skeleton (D:4)
  2 quokka zombies
  10 rats
  A spectral orc (D:8)
  2 butterflies (Lair:4)
  2 fungi
  2 plants
433 creatures vanquished.

Vanquished Creatures (others)
  A slave (D:7)
  A bullfrog skeleton (D:7)
  A leopard gecko (D:7)
  An orc (D:7)
  2 fungi
  A plant (Lair:3)
7 creatures vanquished.

Grand Total: 440 creatures vanquished

Notes
Turn   | Place    | Note
-------+----------+-------------------------------------------
     0 | D:1      | Monsterracer the Barachi Gladiator began the quest for the Orb.
     0 | D:1      | Reached XP level 1. HP: 17/17 MP: 1/1
   102 | D:1      | Reached XP level 2. HP: 13/23 MP: 2/2
   264 | D:1      | Reached skill level 1 in Armour
   364 | D:1      | Reached XP level 3. HP: 16/28 MP: 3/3
   366 | D:1      | HP: 14/28 [bat (1)]
   371 | D:1      | HP: 11/28 [bat (1)]
   583 | D:1      | Reached skill level 3 in Fighting
   932 | D:2      | HP: 12/29 [adder (3)]
   937 | D:1      | HP: 6/29 [poisoned by an adder]
   939 | D:1      | Gained mutation: You are resistant to electric shocks. (rElec) [potion of mutation]
   939 | D:1      | Gained mutation: Potions are less effective at restoring your health. [potion of mutation]
   939 | D:1      | Gained mutation: You are resistant to hostile enchantments. (MR+) [potion of mutation]
   939 | D:1      | Gained mutation: Your movements are slightly less encumbered by armour. (ER -2) [potion of mutation]
  1140 | D:2      | Reached XP level 4. HP: 29/35 MP: 4/4
  1220 | D:2      | Found a snail-covered altar of Cheibriados.
  1233 | D:2      | Became a worshipper of Cheibriados the Contemplative
  1429 | D:2      | Found a glowing golden altar of the Shining One.
  1983 | D:3      | Reached XP level 5. HP: 36/41 MP: 5/5
  2027 | D:3      | Reached * piety under Cheibriados
  3120 | D:4      | HP: 20/42 [orc/dagger (3)]
  3314 | D:4      | Reached skill level 1 in Invocations
  3315 | D:4      | Reached ** piety under Cheibriados
  3315 | D:4      | Reached XP level 6. HP: 41/48 MP: 6/6
  3322 | D:4      | Reached skill level 4 in Fighting
  3322 | D:4      | Reached skill level 5 in Axes
  3347 | D:4      | Reached skill level 1 in Shields
  3348 | D:4      | HP: 24/48 [poisoned by a worker ant]
  3353 | D:4      | HP: 24/48 [poisoned by a worker ant]
  3672 | D:4      | Noticed Sigmund
  3684 | D:4      | Killed Sigmund
  3684 | D:4      | Reached XP level 7. HP: 50/55 MP: 6/8
  3751 | D:4      | Found a white marble altar of Elyvilon.
  4013 | D:4      | Found a staircase to the Ecumenical Temple.
  4106 | D:5      | Entered Level 5 of the Dungeon
  4156 | D:5      | Got an ichor-stained quarterstaff
  4165 | D:5      | Identified the +7 quarterstaff "Embalmer" {drain, Dex+3} (You found it on level 5 of the Dungeon)
  4176 | D:5      | Found a glowing drain.
  4207 | Sewer    | Entered a sewer
  4251 | Sewer    | Noticed Purgy
  4262 | Sewer    | Killed Purgy
  4262 | Sewer    | Reached skill level 5 in Fighting
  4479 | D:5      | Reached *** piety under Cheibriados
  4544 | D:5      | Noticed Blork the orc
  4553 | D:5      | Killed Blork the orc
  4553 | D:5      | Reached XP level 8. HP: 59/63 MP: 9/9
  4653 | D:5      | Reached skill level 5 in Dodging
  4955 | D:6      | Got a faintly humming ring mail
  4966 | D:6      | Identified the +0 ring mail of the Midnight Sun {Str+2} (You found it on level 6 of the Dungeon)
  5122 | D:6      | Reached skill level 6 in Fighting
  5233 | D:6      | Found a sacrificial altar of Ru.
  5279 | D:6      | Noticed Eustachio
  5320 | D:6      | Killed Eustachio
  5477 | D:6      | Reached **** piety under Cheibriados
  5523 | D:6      | Noticed Dowan
  5524 | D:6      | Noticed Duvessa
  5534 | D:6      | Killed Duvessa
  5534 | D:6      | Reached XP level 9. HP: 66/71 MP: 11/11
  5539 | D:6      | Killed Dowan
  5545 | D:6      | HP: 33/71 [poisoned by Dowan]
  5550 | D:6      | HP: 27/71 [poisoned by Dowan]
  5555 | D:6      | HP: 20/71 [poisoned by Dowan]
  5560 | D:6      | HP: 17/71 [poisoned by Dowan]
  5566 | D:6      | HP: 14/71 [poisoned by Dowan]
  5571 | D:6      | HP: 13/71 [poisoned by Dowan]
  5578 | D:6      | HP: 12/71 [poisoned by Dowan]
  5583 | D:6      | HP: 12/71 [poisoned by Dowan]
  5589 | D:6      | HP: 13/71 [poisoned by Dowan]
  5595 | D:6      | HP: 13/71 [poisoned by Dowan]
  5601 | D:6      | HP: 13/71 [poisoned by Dowan]
  5626 | D:6      | HP: 19/71 [orc warrior/flail (2)]
  5628 | D:6      | Reached skill level 7 in Fighting
  6232 | D:6      | Reached skill level 5 in Armour
  6373 | D:7      | Noticed Pikel
  6392 | D:7      | Killed Pikel
  6570 | D:7      | Reached skill level 8 in Fighting
  6639 | D:7      | Noticed Prince Ribbit
  6676 | D:7      | Killed Prince Ribbit
  6676 | D:7      | Reached ***** piety under Cheibriados
  6835 | D:7      | Reached XP level 10. HP: 80/80 MP: 13/13
  6849 | D:7      | Found a runed door.
  7250 | D:7      | Noticed Crazy Yiuf
  7257 | D:7      | Killed Crazy Yiuf
  7395 | D:8      | Noticed a two-headed ogre
  7407 | D:8      | Killed a two-headed ogre
  7534 | D:8      | Noticed a four-headed hydra
  7538 | D:8      | Noticed a deep elf mage
  7539 | D:8      | HP: 37/82 [four-headed hydra (8)]
  7551 | D:8      | HP: 31/82 [orc warrior/scimitar (11)]
  7563 | D:7      | Reached skill level 9 in Fighting
  7917 | D:8      | Killed a deep elf mage
  8296 | D:8      | Reached skill level 10 in Fighting
  8341 | D:8      | Reached skill level 5 in Invocations
  8637 | D:8      | Found a staircase to the Lair.
  8888 | D:8      | Found a basalt altar of Yredelemnul.
  8965 | D:8      | Noticed a two-headed ogre
  8973 | D:8      | Killed a two-headed ogre
  8973 | D:8      | Reached skill level 10 in Axes
  8973 | D:8      | Reached XP level 11. HP: 74/92 MP: 14/14
  9631 | D:9      | Found a staircase to the Orcish Mines.
  9689 | D:9      | Reached ****** piety under Cheibriados
 10118 | D:9      | Got a pitted trident
 10129 | D:9      | Identified the +5 trident of Wiplesmy {flame, rN++ Int+2} (You found it on level 9 of the Dungeon)
 10223 | D:9      | Noticed a two-headed ogre
 10230 | D:9      | Killed a two-headed ogre
 10230 | D:9      | Reached skill level 11 in Fighting
 10446 | Lair:1   | Entered Level 1 of the Lair of Beasts
 11026 | Lair:1   | Noticed a six-headed hydra
 11038 | Lair:1   | Killed a six-headed hydra
 11187 | Lair:1   | HP: 46/93 [poisoned by a spiny frog]
 11193 | Lair:1   | HP: 46/93 [poisoned by a spiny frog]
 11202 | Lair:1   | HP: 46/93 [poisoned by a spiny frog]
 11207 | Lair:1   | HP: 46/93 [poisoned by a spiny frog]
 11793 | Lair:1   | Reached XP level 12. HP: 101/101 MP: 16/16
 11967 | Lair:1   | Reached skill level 5 in Shields
 12268 | Lair:2   | Reached skill level 12 in Fighting
 12360 | Lair:2   | Found a hole to the Spider Nest.
 12367 | Lair:2   | Noticed a four-headed hydra
 12378 | Lair:2   | Killed a four-headed hydra
 12791 | Lair:2   | Identified a scroll of acquirement
 12794 | Lair:2   | Got an encrusted hat
 12811 | Lair:2   | Identified the +0 hat of the Shining One's Fury {rPois Int+3} (You acquired it on level 2 of the Lair of Beasts)
 13013 | Lair:2   | Noticed a five-headed hydra
 13021 | Lair:2   | Killed a five-headed hydra
 13465 | Lair:3   | HP: 48/103 [komodo dragon (17)]
 13466 | Lair:3   | Gained mutation: You can hop longer distances. [Barachi growth]
 13466 | Lair:3   | Reached XP level 13. HP: 51/109 MP: 17/18
 13471 | Lair:3   | HP: 49/109 [poisoned by a black mamba]
 13477 | Lair:3   | HP: 48/109 [poisoned by a black mamba]
 13484 | Lair:3   | HP: 48/109 [poisoned by a black mamba]
 13492 | Lair:3   | HP: 48/109 [poisoned by a black mamba]
 13498 | Lair:3   | HP: 49/109 [poisoned by a black mamba]
 13504 | Lair:3   | HP: 50/109 [poisoned by a black mamba]
 13510 | Lair:3   | HP: 50/109 [poisoned by a black mamba]
 13760 | Lair:3   | Reached skill level 13 in Fighting
 14117 | Lair:3   | HP: 54/111 [polar bear (2)]
 14628 | Lair:3   | Found a staircase to the Shoals.
 14995 | Lair:4   | Noticed Snorg
 15008 | Lair:4   | Killed Snorg
 15833 | Lair:4   | Reached skill level 10 in Armour
 15851 | Lair:4   | Reached skill level 10 in Dodging
 15911 | Lair:4   | Reached skill level 14 in Fighting
 16095 | Lair:5   | Was placed under penance by Cheibriados
 16103 | Lair:5   | Found a labyrinth entrance.
 16150 | Lab      | Entered a labyrinth
 16499 | Lab      | Noticed a minotaur
 16504 | Lab      | HP: 48/113 [minotaur/short sword of venom (13)]
 16506 | Lab      | HP: 4/113 [minotaur/short sword of venom (20)]
 16506 | Lab      | Demolished by a minotaur

Skill      XL: |  1  2  3  4  5  6  7  8  9 10 11 12 13 |
---------------+----------------------------------------+-----
Armour         | 1 2 3 4 5 6 7 9 10 | 10.0
Fighting       | 3 4 5 6 8 10 11 12 14 | 14.0
Axes           | 4 5 6 7 8 10 11 12 13 | 13.5
Dodging        | 4 5 6 7 8 9 10 | 10.0
Invocations    | 1 2 3 4 5 6 7 |  7.7
Shields        | 1 2 3 4 6 7 |  7.3
Throwing       | 3 |  3.1

Action                   |  1- 3 |  4- 6 |  7- 9 | 10-12 | 13-15 || total
-------------------------+-------+-------+-------+-------+-------++-------
Melee: War axe           |    98 |   152 |   341 |   616 |   327 ||  1534
       Trident           |       |       |       |    23 |    12 ||    35
Throw: Throwing net      |     2 |       |       |       |       ||     2
Invok: Bend Time         |       |     1 |       |       |       ||     1
  Use: Potion            |     2 |       |       |       |     2 ||     4
       Scroll            |       |    14 |     7 |     6 |     6 ||    33
 Stab: Paralysed         |       |       |     1 |       |       ||     1
  Eat: Chunk             |     1 |     6 |     7 |    13 |     6 ||    33
       Fruit             |       |       |       |     2 |     4 ||     6
       Meat ration       |       |       |       |     1 |       ||     1
Armor: Leather armour    |    38 |       |       |       |       ||    38
       Ring mail         |    16 |    51 |       |       |       ||    67
       Chain mail        |       |    27 |    74 |       |       ||   101
       Plate armour      |       |       |   101 |   306 |    85 ||   492
       Scale mail        |       |       |       |       |    24 ||    24
Dodge: Dodged            |   112 |   145 |   210 |   464 |   264 ||  1195
Block: Buckler           |       |       |    96 |   257 |   135 ||   488
